cohdb
Replays
Latest Replays
All Replays
Popular Replays
Top Player Replays
Match Explorer
How It Works
Community
CoH3 Stats
Reddit
Sign in to upload your games and track your stats! →
Sign in with Steam
Match 25510316
Unlisted
Match 25510316
Overview
Messages
Build Orders
End
Panzergrenadier Squad
Panzergrenadier Squad
250 Light Carrier
Construct Light Support Kompanie
Fire Support Elements
Flakvierling Half-track
Selects Italian Infantry
le.IG 18 Mechanized Group
Kradschützen Motorcycle Team
Selects Guastatori Squad
Guastatori Squad
Pak 38 Anti-tank Gun Team
Panzerjäger Squad
2.5-tonne Medical Truck
Vehicle Survival Package
Veteran Squad Leaders
damong97
Devoli
Mozg64
ConcernedApe
0
0
Comments
sign in to comment!
No comments posted yet!